Drummondville Voltigeurs vs Lake Erie Monsters

Created - 6 décembre 2017 at 06:00

Goals
1 2 3 T
Drummondville Voltigeurs 0 1 0 1
Lake Erie Monsters 1 3 1 5
Shots
1 2 3 T
Drummondville Voltigeurs 8 7 17 32
Lake Erie Monsters 14 24 8 46

1st period

1. Lake Erie Monsters , Derek Hulak 4 (Victor Mete 2, Brendan Woods 10) at 3:29

Penalties :
Tye McGinn (VOL) for Hooking (Minor) at 10:23, Mike Downing (VOL) for Goalie Interference (Minor) at 14:49

2nd period

2. Lake Erie Monsters , Hunter Shinkaruk 14 (Victor Mete 3, Ondrej Kase 25) at 0:16
3. Lake Erie Monsters , Hunter Shinkaruk 15 (Nick Cousins 26, Ondrej Kase 26) at 0:38 (PP)
4. Lake Erie Monsters , Ondrej Kase 15 (Nick Cousins 27) at 0:54
5. Drummondville Voltigeurs , Tye McGinn 19 (Phillip Di Guiseppe 20) at 5:01

Penalties :
Kevin Connauton (VOL) for Holding Stick (Minor) at 0:35, Kurtis MacDermid (MST) for Fighting (Major) at 10:22, Alex Grant (VOL) for Fighting (Major) at 10:22, Chris Thorburn (VOL) for Holding (Minor) at 14:20, Kevin Connauton (VOL) for Interference (Minor) at 14:29

3rd period

6. Lake Erie Monsters , Nick Cousins 20 (Ondrej Kase 27, Dysin Mayo 6) at 14:34

Penalties :
Matt MacKenzie (MST) for Fighting (Major) at 2:07, Sergei Boikov (VOL) for Fighting (Major) at 2:07, Turner Elson (MST) for Fighting (Major) at 17:12, Nick Sorensen (VOL) for Fighting (Major) at 17:12

Goalie Stats

Nick Ellis (VOL), 41 saves from 46 shots - (0,891), L, 11-9-2, 60:00 minutes
Jamie Phillips (MST), 31 saves from 32 shots - (0,969), W, 12-5-2, 60:00 minutes

Players Stats for Drummondville Voltigeurs

Player Name              G  A  P  +/- PIM S  H  SB GA TA FO     MP     PP MP  PK MP  
------------------------------------------------------------------------------------
Alex Grant               0  0  0  -2  5   1  2  1  0  0  0/0    21:47   0:00   3:44 
Chris Thorburn           0  0  0  -2  2   0  2  0  0  0  0/0    17:02   0:00   0:27 
Curtis McKenzie          0  0  0  -1  0   4  4  0  0  1  2/6    24:27   0:00   3:05 
Derek Grant              0  0  0  -2  0   1  0  1  0  0  8/10   17:07   0:00   1:04 
Jean-Sebastien Dea       0  0  0   0  0   0  2  0  0  0  3/8    14:46   0:00   0:11 
Julius Honka             0  0  0   0  0   5  0  2  0  0  0/0    17:12   0:00   1:24 
Kevin Connauton          0  0  0  -2  4   2  2  4  0  3  0/0    25:22   0:00   2:30 
Kevin Rooney             0  0  0   0  0   2  1  0  1  0  0/0    16:47   0:00   2:01 
Kevin Tansey             0  0  0  -1  0   1  1  1  0  1  0/0    15:49   0:00   1:03 
Mark Olver               0  0  0   0  0   1  0  0  0  0  1/1     6:37   0:00   0:00 
Mike Downing             0  0  0   0  2   0  0  0  0  0  0/0     8:07   0:00   0:54 
Nick Sorensen            0  0  0   0  5   4  3  1  1  0  0/1    13:24   0:00   0:00 
Phillip Di Guiseppe      0  1  1  -1  0   4  0  1  2  1  0/0    20:44   0:00   2:53 
Sam Henley               0  0  0   0  0   0  1  2  0  0  0/0     6:37   0:00   0:00 
Sergei Boikov            0  0  0  -1  5   2  0  0  0  0  0/0    14:52   0:00   1:20 
Seth Helgeson            0  0  0   0  0   1  4  0  0  1  0/0    17:12   0:00   1:24 
Tye McGinn               1  0  1  -1  2   3  2  0  0  0  9/27   18:00   0:00   0:47 
Tyler Pitlick            0  0  0  -2  0   1  0  0  0  0  0/0    16:03   0:00   0:00 

Players Stats for Lake Erie Monsters

Player Name              G  A  P  +/- PIM S  H  SB GA TA FO     MP     PP MP  PK MP  
------------------------------------------------------------------------------------
Brandon Bollig           0  0  0   0  0   1  1  1  0  0  0/0    11:20   0:03   0:00 
Brendan Woods            0  1  1   1  0   1  2  1  0  0  1/2    10:57   0:00   0:00 
Chase Balisy             0  0  0  -1  0   2  1  0  0  0  7/9    15:51   2:30   0:00 
Derek Hulak              1  0  1   1  0   1  2  1  1  0  0/0    13:45   2:30   0:00 
Dysin Mayo               0  1  1   0  0   0  2  2  0  1  0/0    16:56   0:00   0:00 
Hunter Shinkaruk         2  0  2   3  0   5  4  3  1  0  3/4    21:52   3:36   0:00 
JC Lipon                 0  0  0   1  0   2  0  1  0  0  0/0    10:57   0:00   0:00 
Joe Hicketts             0  0  0  -1  0   1  0  1  1  0  0/0    23:08   4:10   0:00 
Kurtis MacDermid         0  0  0   4  5   3  2  4  0  1  0/0    20:38   0:00   0:00 
Marko Dano               0  0  0  -1  0   1  1  0  0  0  0/0    13:29   0:03   0:00 
Matt MacKenzie           0  0  0   0  5   2  2  0  0  0  0/0    14:46   1:59   0:00 
Matt Puempel             0  0  0  -1  0   4  3  0  0  1  0/0    15:51   2:30   0:00 
Maxim Lamarche           0  0  0  -1  0   0  3  0  1  1  0/0    19:07   1:59   0:00 
Nick Cousins             1  2  3   3  0   4  3  0  0  0  17/33  21:52   3:36   0:00 
Ondrej Kase              1  3  4   3  0   5  3  0  2  0  0/0    21:52   3:36   0:00 
Ryan Olsen               0  0  0   0  0   6  0  1  1  0  2/5    11:17   0:00   0:00 
Turner Elson             0  0  0   0  5   1  1  1  0  0  0/0    10:56   0:03   0:00 
Victor Mete              0  2  2   4  0   7  0  1  0  0  0/0    25:23   4:10   0:00 

3 Stars

1 - Ondrej Kase (MST)
2 - Hunter Shinkaruk (MST)
3 - Nick Cousins (MST)

Power Play

Drummondville Voltigeurs - 0 on 0 Attempt(s) - 0,00%
Lake Erie Monsters - 1 on 5 Attempt(s) - 20,00%

Penalty Kill

Drummondville Voltigeurs - 4 on 5 Attempt(s) - 80,00% - Score 0 goal in Penalty Kill
Lake Erie Monsters - 0 on 0 Attempt(s) - 0,00% - Score 0 goal in Penalty Kill

Team Stat

Drummondville Voltigeurs - Hits : 24 - Faceoff Wins : 23 - Blocked Shots : 13 - Penalty Minutes : 25
Lake Erie Monsters - Hits : 30 - Faceoff Wins : 30 - Blocked Shots : 17 - Penalty Minutes : 15

Official

Referees : Francois StLaurent and Chris Rooney
Linesman : Kiel Murchison and Mike Cvik

Game Notes

Alex Grant beats up Kurtis MacDermid at 10:22 of 2nd period
Sergei Boikov beats up Matt MacKenzie at 2:07 of 3rd period
Nick Sorensen beats up Turner Elson at 17:12 of 3rd period

Finance

Level 1 -- Attendance: 1628 (81,40%) -- Ticket Income 32 560 $
Level 2 -- Attendance: 720 (72,00%) -- Ticket Income 5 040 $
Total Attendance: 2348 (78,27%)
Total Ticket Income: 37 600 $
Other Income: 18 424 $
Total Income: 56 024 $

Drummondville Voltigeurs

5 vs 5 Forward 
   Center                   Left Wing                Right Wing               Time % Phy DF OF 
 1 Tye McGinn               Curtis McKenzie          Phillip Di Guiseppe      40     1   2  2  
 2 Derek Grant              Chris Thorburn           Tyler Pitlick            30     1   2  2  
 3 Jean-Sebastien Dea       Kevin Rooney             Nick Sorensen            20     1   2  2  
 4 Mark Olver               Sam Henley               Curtis McKenzie          10     1   2  2  

5 vs 5 Defense 
   Defense                  Defense                                           Time % Phy DF OF 
 1 Kevin Connauton          Alex Grant                                        40     1   2  2  
 2 Julius Honka             Seth Helgeson                                     30     1   2  2  
 3 Sergei Boikov            Kevin Tansey                                      20     1   2  2  
 4 Mike Downing             Kevin Connauton                                   10     1   2  2  

PowerPlay Forward 
   Center                   Left Wing                Right Wing               Time % Phy DF OF 
 1 Tye McGinn               Curtis McKenzie          Phillip Di Guiseppe      60     1   2  2  
 2 Derek Grant              Chris Thorburn           Tyler Pitlick            40     1   2  2  

PowerPlay Defense
   Defense                  Defense                                           Time % Phy DF OF 
 1 Kevin Connauton          Alex Grant                                        60     1   2  2  
 2 Julius Honka             Seth Helgeson                                     40     1   2  2  

Penalty Kill 4 Players Forward 
   Center                   Wing                     Time % Phy DF OF 
 1 Curtis McKenzie          Phillip Di Guiseppe      60     1   2  2  
 2 Tye McGinn               Derek Grant              40     1   2  2  

Penalty Kill 4 Players Defense
   Defense                  Defense                  Time % Phy DF OF 
 1 Kevin Connauton          Alex Grant               60     1   2  2  
 2 Julius Honka             Seth Helgeson            40     1   2  2  

Penalty Kill - 3 Players Forward 
   Forward                                           Time % Phy DF OF 
 1 Curtis McKenzie                                   60     1   2  2  
 2 Phillip Di Guiseppe                               40     1   2  2  

Penalty Kill - 3 Players Defense
   Defense                  Defense                  Time % Phy DF OF 
 1 Kevin Connauton          Alex Grant               60     1   2  2  
 2 Julius Honka             Seth Helgeson            40     1   2  2  

4 vs 4 Forward 
   Center                   Wing                     Time % Phy DF OF 
 1 Curtis McKenzie          Phillip Di Guiseppe      60     1   2  2  
 2 Tye McGinn               Derek Grant              40     1   2  2  

4 vs 4 Defense
   Defense                  Defense                  Time % Phy DF OF 
 1 Kevin Connauton          Alex Grant               60     1   2  2  
 2 Julius Honka             Seth Helgeson            40     1   2  2  

Last Minutes Offensive
   Center                   Left Wing                Right Wing               Defense                  Defense                  
   Tye McGinn               Curtis McKenzie          Phillip Di Guiseppe      Kevin Connauton          Alex Grant               

Last Minutes Defensive
   Center                   Left Wing                Right Wing               Defense                  Defense                  
   Tye McGinn               Curtis McKenzie          Phillip Di Guiseppe      Kevin Connauton          Alex Grant               

Goaltenders
Starting : Nick Ellis               
Backup : Adam Wilcox              

Extra Forwards
Normal : Jean-Sebastien Dea, Nick Sorensen, Kevin Rooney - PP : Jean-Sebastien Dea, Nick Sorensen - PK : Kevin Rooney
Extra Defensemen
Normal : Sergei Boikov, Kevin Tansey, Mike Downing - PP : Sergei Boikov - PK : Kevin Tansey, Mike Downing
Penalty Shots
Curtis McKenzie, Phillip Di Guiseppe, Tye McGinn, Derek Grant, Chris Thorburn

Scratches
Ahti Oksanen (Healthy), Joe Cannata (Healthy)

Lake Erie Monsters

5 vs 5 Forward 
   Center                   Left Wing                Right Wing               Time % Phy DF OF 
 1 Nick Cousins             Hunter Shinkaruk         Ondrej Kase              40     0   2  3  
 2 Chase Balisy             Matt Puempel             Marko Dano               30     0   2  3  
 3 Brendan Woods            Derek Hulak              JC Lipon                 20     1   2  2  
 4 Ryan Olsen               Brandon Bollig           Turner Elson             10     2   2  1  

5 vs 5 Defense 
   Defense                  Defense                                           Time % Phy DF OF 
 1 Kurtis MacDermid         Victor Mete                                       40     0   3  2  
 2 Maxim Lamarche           Joe Hicketts                                      33     0   3  2  
 3 Dysin Mayo               Matt MacKenzie                                    27     0   4  1  
 4 Kurtis MacDermid         Dysin Mayo                                        0      1   2  2  

PowerPlay Forward 
   Center                   Left Wing                Right Wing               Time % Phy DF OF 
 1 Nick Cousins             Hunter Shinkaruk         Ondrej Kase              60     0   0  5  
 2 Chase Balisy             Matt Puempel             Derek Hulak              40     0   0  5  

PowerPlay Defense
   Defense                  Defense                                           Time % Phy DF OF 
 1 Joe Hicketts             Victor Mete                                       65     0   1  4  
 2 Matt MacKenzie           Maxim Lamarche                                    35     0   1  4  

Penalty Kill 4 Players Forward 
   Center                   Wing                     Time % Phy DF OF 
 1 Nick Cousins             Hunter Shinkaruk         60     1   3  1  
 2 Ondrej Kase              Chase Balisy             40     1   3  1  

Penalty Kill 4 Players Defense
   Defense                  Defense                  Time % Phy DF OF 
 1 Kurtis MacDermid         Victor Mete              60     1   4  0  
 2 Dysin Mayo               Maxim Lamarche           40     1   4  0  

Penalty Kill - 3 Players Forward 
   Forward                                           Time % Phy DF OF 
 1 Nick Cousins                                      60     1   4  0  
 2 Hunter Shinkaruk                                  40     1   4  0  

Penalty Kill - 3 Players Defense
   Defense                  Defense                  Time % Phy DF OF 
 1 Victor Mete              Kurtis MacDermid         60     1   4  0  
 2 Maxim Lamarche           Dysin Mayo               40     1   4  0  

4 vs 4 Forward 
   Center                   Wing                     Time % Phy DF OF 
 1 Nick Cousins             Hunter Shinkaruk         60     1   2  2  
 2 Ondrej Kase              Chase Balisy             40     1   2  2  

4 vs 4 Defense
   Defense                  Defense                  Time % Phy DF OF 
 1 Kurtis MacDermid         Victor Mete              60     1   2  2  
 2 Maxim Lamarche           Joe Hicketts             40     0   3  2  

Last Minutes Offensive
   Center                   Left Wing                Right Wing               Defense                  Defense                  
   Nick Cousins             Hunter Shinkaruk         Ondrej Kase              Maxim Lamarche           Victor Mete              

Last Minutes Defensive
   Center                   Left Wing                Right Wing               Defense                  Defense                  
   Nick Cousins             Hunter Shinkaruk         Ondrej Kase              Victor Mete              Kurtis MacDermid         

Goaltenders
Starting : Jamie Phillips           
Backup : Jonas Gunnarsson         

Extra Forwards
Normal : Turner Elson, Brandon Bollig, Derek Hulak - PP : Turner Elson, Brandon Bollig - PK : Derek Hulak
Extra Defensemen
Normal : Joe Hicketts, Dysin Mayo, Kurtis MacDermid - PP : Matt MacKenzie - PK : Joe Hicketts, Kurtis MacDermid
Penalty Shots
Nick Cousins, Hunter Shinkaruk, Ondrej Kase, Chase Balisy, Matt Puempel

Scratches
Jeremy Morin (Healthy)

% Time on Ice - Drummondville Voltigeurs

Lines # - Real PCT - Wanted PCT - Time Play
Normal Forward
1 - 33% - 40% - 17:38
2 - 30% - 30% - 16:03
3 - 25% - 20% - 13:33
4 - 12% - 10% - 6:37
Normal Defense
1 - 38% - 40% - 20:17
2 - 29% - 30% - 15:48
3 - 25% - 20% - 13:21
4 - 8% - 10% - 4:25
PP Forward
1 - 0% - 60%
2 - 0% - 40%
PP Defense
1 - 0% - 60%
2 - 0% - 40%
PK Forward
1 - 75% - 60% - 3:15
2 - 25% - 40% - 1:04
PK Defense
1 - 68% - 60% - 2:55
2 - 32% - 40% - 1:24
PK3 Forward
1 - 74% - 60% - 1:21
2 - 26% - 40% - 0:29
PK3 Defense
1 - 100% - 60% - 1:50
2 - 0% - 40% - 0:00
44 Forward
1 - 0% - 60%
2 - 0% - 40%
44 Defense
1 - 0% - 60%
2 - 0% - 40%
Last Minute Offensive  - 0:00
Last Minute Defensive  - 0:00
Total
Forward - 60:00
Defense - 60:00

% Time on Ice - Lake Erie Monsters

Lines # - Real PCT - Wanted PCT - Time Play
Normal Forward
1 - 34% - 40% - 18:16
2 - 25% - 30% - 13:21
3 - 20% - 20% - 10:57
4 - 21% - 10% - 11:17
Normal Defense
1 - 40% - 40% - 21:20
2 - 32% - 33% - 17:08
3 - 26% - 27% - 14:07
4 - 2% - 0% - 1:16
PP Forward
1 - 59% - 60% - 3:39
2 - 41% - 40% - 2:30
PP Defense
1 - 68% - 65% - 4:10
2 - 32% - 35% - 1:59
PK Forward
1 - 0% - 60%
2 - 0% - 40%
PK Defense
1 - 0% - 60%
2 - 0% - 40%
PK3 Forward
1 - 0% - 60%
2 - 0% - 40%
PK3 Defense
1 - 0% - 60%
2 - 0% - 40%
44 Forward
1 - 0% - 60%
2 - 0% - 40%
44 Defense
1 - 0% - 60%
2 - 0% - 40%
Last Minute Offensive  - 0:00
Last Minute Defensive  - 0:00
Total
Forward - 60:00
Defense - 60:00

Play by Play

1st period


0:01 of 1st period - Hunter Shinkaruk wins face-off versus Tye McGinn in neutral zone.
0:36 of 1st period - Wrist shot by Marko Dano.
0:36 of 1st period - Shot Blocked by Derek Grant.
0:54 of 1st period - Slapshot by JC Lipon.
0:54 of 1st period - Stopped by Nick Ellis without a rebound.
0:55 of 1st period - Mark Olver wins face-off versus Ryan Olsen in Drummondville Voltigeurs zone.
0:55 of 1st period - Mark Olver is hit by Brandon Bollig.
1:22 of 1st period - Seth Helgeson is hit by Nick Cousins and loses puck.
2:05 of 1st period - Wrist shot by Curtis McKenzie.
2:05 of 1st period - Stopped by Jamie Phillips with a rebound.
2:07 of 1st period - Snap shot by Curtis McKenzie.
2:07 of 1st period - Stopped by Jamie Phillips with a rebound.
2:11 of 1st period - Wrist shot by Tye McGinn.
2:11 of 1st period - Shot Blocked by Joe Hicketts.
2:54 of 1st period - Nick Sorensen is hit by Ondrej Kase and loses puck.
3:15 of 1st period - Slapshot by Matt Puempel.
3:15 of 1st period - Shot Misses the Net.
3:27 of 1st period - Snap shot by Brendan Woods.
3:27 of 1st period - Stopped by Nick Ellis with a rebound.
3:29 of 1st period - Slapshot by Victor Mete.
3:29 of 1st period - Deflect By Derek Hulak.
3:29 of 1st period - Goal by Derek Hulak - Drummondville Voltigeurs : 0 - Lake Erie Monsters : 1.
3:30 of 1st period - Nick Cousins wins face-off versus Tye McGinn in neutral zone.
4:36 of 1st period - Ryan Olsen is hit by Seth Helgeson and loses puck.
4:55 of 1st period - Nick Cousins is hit by Curtis McKenzie and loses puck.
5:22 of 1st period - Maxim Lamarche is hit by Curtis McKenzie and loses puck.
5:50 of 1st period - Chris Thorburn is hit by Hunter Shinkaruk and loses puck.
5:55 of 1st period - Wrist shot by Ondrej Kase.
5:55 of 1st period - Shot Misses the Net.
6:01 of 1st period - Snap shot by Nick Cousins.
6:01 of 1st period - Shot Blocked by Alex Grant.
6:11 of 1st period - Snap shot by Tyler Pitlick.
6:11 of 1st period - Shot Blocked by Kurtis MacDermid.
6:32 of 1st period - JC Lipon is hit by Jean-Sebastien Dea and loses puck.
6:56 of 1st period - Kurtis MacDermid is hit by Curtis McKenzie and loses puck.
7:15 of 1st period - Snap shot by Hunter Shinkaruk.
7:15 of 1st period - Shot Blocked by Nick Sorensen.
7:45 of 1st period - Phillip Di Guiseppe is hit by Turner Elson and loses puck.
8:24 of 1st period - Hunter Shinkaruk is hit by Chris Thorburn and loses puck.
8:48 of 1st period - Wrist shot by JC Lipon.
8:48 of 1st period - Shot Misses the Net.
8:58 of 1st period - Slapshot by JC Lipon.
8:58 of 1st period - Shot Misses the Net.
9:47 of 1st period - Brandon Bollig is hit by Nick Sorensen.
9:50 of 1st period - Off-side.
9:51 of 1st period - Ryan Olsen wins face-off versus Nick Sorensen in neutral zone.
10:04 of 1st period - Wrist shot by Brandon Bollig.
10:04 of 1st period - Stopped by Nick Ellis with a rebound.
10:06 of 1st period - Snap shot by Brandon Bollig.
10:06 of 1st period - Shot Blocked by Sam Henley.
10:08 of 1st period - Slapshot by Matt MacKenzie.
10:08 of 1st period - Stopped by Nick Ellis with a rebound.
10:10 of 1st period - Wrist shot by Ryan Olsen.
10:10 of 1st period - Stopped by Nick Ellis with a rebound.
10:12 of 1st period - Snap shot by Dysin Mayo.
10:12 of 1st period - Shot Blocked by Sam Henley.
10:14 of 1st period - Slapshot by Dysin Mayo.
10:14 of 1st period - Shot Blocked by Julius Honka.
10:16 of 1st period - Snap shot by Matt MacKenzie.
10:16 of 1st period - Stopped by Nick Ellis with a rebound.
10:18 of 1st period - Snap shot by Turner Elson.
10:18 of 1st period - Stopped by Nick Ellis without a rebound.
10:19 of 1st period - Nick Cousins wins face-off versus Tye McGinn in Drummondville Voltigeurs zone.
10:20 of 1st period - Wrist shot by Hunter Shinkaruk.
10:20 of 1st period - Stopped by Nick Ellis without a rebound.
10:21 of 1st period - Tye McGinn wins face-off versus Nick Cousins in Drummondville Voltigeurs zone.
10:23 of 1st period - Minor Penalty to Tye McGinn for Hooking.
10:24 of 1st period - Curtis McKenzie wins face-off versus Nick Cousins in Drummondville Voltigeurs zone.
11:12 of 1st period - Derek Grant is hit by Maxim Lamarche and loses puck.
12:23 of 1st period - Penalty to Tye McGinn is over, Tye McGinn is back on ice.
12:28 of 1st period - Snap shot by Brandon Bollig.
12:28 of 1st period - Shot Misses the Net.
12:52 of 1st period - Snap shot by Tye McGinn.
12:52 of 1st period - Shot Blocked by Kurtis MacDermid.
12:54 of 1st period - Wrist shot by Phillip Di Guiseppe.
12:54 of 1st period - Shot Blocked by Dysin Mayo.
12:56 of 1st period - Wrist shot by Tye McGinn.
12:56 of 1st period - Shot Hit the Post.
12:58 of 1st period - Slapshot by Tye McGinn.
12:58 of 1st period - Shot Blocked by Brandon Bollig.
13:00 of 1st period - Snap shot by Kevin Tansey.
13:00 of 1st period - Stopped by Jamie Phillips with a rebound.
13:02 of 1st period - Wrist shot by Kevin Rooney.
13:02 of 1st period - Shot Misses the Net.
13:04 of 1st period - Snap shot by Tye McGinn.
13:04 of 1st period - Stopped by Jamie Phillips with a rebound.
13:08 of 1st period - Snap shot by Phillip Di Guiseppe.
13:08 of 1st period - Stopped by Jamie Phillips without a rebound.
13:09 of 1st period - Derek Grant wins face-off versus Brendan Woods in Lake Erie Monsters zone.
14:38 of 1st period - Icing by Kurtis MacDermid.
14:39 of 1st period - Tye McGinn wins face-off versus Nick Cousins in Lake Erie Monsters zone.
14:44 of 1st period - Snap shot by Tye McGinn.
14:44 of 1st period - Shot Misses the Net.
14:49 of 1st period - Minor Penalty to Mike Downing for Goalie Interference.
14:50 of 1st period - Hunter Shinkaruk wins face-off versus Curtis McKenzie in Drummondville Voltigeurs zone.
14:56 of 1st period - Slapshot by Nick Cousins.
14:56 of 1st period - Stopped by Nick Ellis without a rebound.
14:57 of 1st period - Curtis McKenzie wins face-off versus Nick Cousins in Drummondville Voltigeurs zone.
15:25 of 1st period - Wrist shot by Matt Puempel.
15:25 of 1st period - Shot Misses the Net.
15:27 of 1st period - Slapshot by Joe Hicketts.
15:27 of 1st period - Shot Blocked by Kevin Connauton.
15:29 of 1st period - Wrist shot by Derek Hulak.
15:29 of 1st period - Shot Blocked by Kevin Connauton.
16:44 of 1st period - Alex Grant is hit by Nick Cousins and loses puck.
16:49 of 1st period - Penalty to Mike Downing is over, Mike Downing is back on ice.
17:23 of 1st period - Wrist shot by Kevin Rooney.
17:23 of 1st period - Shot Misses the Net.
17:25 of 1st period - Slapshot by Kevin Connauton.
17:25 of 1st period - Shot Blocked by Brendan Woods.
17:27 of 1st period - Slapshot by Kevin Connauton.
17:27 of 1st period - Stopped by Jamie Phillips with a rebound.
17:40 of 1st period - Off-side.
17:41 of 1st period - Derek Grant wins face-off versus Chase Balisy in neutral zone.
17:48 of 1st period - Snap shot by Tyler Pitlick.
17:48 of 1st period - Shot Misses the Net.
18:54 of 1st period - Snap shot by Jean-Sebastien Dea.
18:54 of 1st period - Shot Misses the Net.
18:56 of 1st period - Wrist shot by Nick Sorensen.
18:56 of 1st period - Stopped by Jamie Phillips with a rebound.
19:12 of 1st period - Slapshot by Marko Dano.
19:12 of 1st period - Stopped by Nick Ellis with a rebound.
19:16 of 1st period - Wrist shot by Chase Balisy.
19:16 of 1st period - Stopped by Nick Ellis with a rebound.
19:18 of 1st period - Snap shot by Chase Balisy.
19:18 of 1st period - Stopped by Nick Ellis with a rebound.
19:30 of 1st period - Wrist shot by Phillip Di Guiseppe.
19:30 of 1st period - Shot Misses the Net.
19:32 of 1st period - Backhand shot by Seth Helgeson.
19:32 of 1st period - Shot Blocked by JC Lipon.
19:34 of 1st period - Wrist shot by Phillip Di Guiseppe.
19:34 of 1st period - Stopped by Jamie Phillips without a rebound.
19:35 of 1st period - Nick Cousins wins face-off versus Tye McGinn in Lake Erie Monsters zone.
19:44 of 1st period - Snap shot by Ondrej Kase.
19:44 of 1st period - Shot Blocked by Phillip Di Guiseppe.
19:46 of 1st period - Slapshot by Ondrej Kase.
19:46 of 1st period - Stopped by Nick Ellis without a rebound.
19:47 of 1st period - Nick Cousins wins face-off versus Tye McGinn in Drummondville Voltigeurs zone.
Goals for this period are 0 for Drummondville Voltigeurs vs 1 for Lake Erie Monsters.
Shots for this period are 8 for Drummondville Voltigeurs vs 14 for Lake Erie Monsters.

2nd period


0:01 of 2nd period - Nick Cousins wins face-off versus Tye McGinn in neutral zone.
0:08 of 2nd period - Slapshot by Victor Mete.
0:08 of 2nd period - Shot Misses the Net.
0:10 of 2nd period - Snap shot by Hunter Shinkaruk.
0:10 of 2nd period - Stopped by Nick Ellis with a rebound.
0:12 of 2nd period - Slapshot by Victor Mete.
0:12 of 2nd period - Stopped by Nick Ellis with a rebound.
0:14 of 2nd period - Wrist shot by Victor Mete.
0:14 of 2nd period - Stopped by Nick Ellis with a rebound.
0:16 of 2nd period - Slapshot by Hunter Shinkaruk.
0:16 of 2nd period - Goal by Hunter Shinkaruk - Drummondville Voltigeurs : 0 - Lake Erie Monsters : 2.
0:17 of 2nd period - Nick Cousins wins face-off versus Tye McGinn in neutral zone.
0:20 of 2nd period - Backhand shot by Victor Mete.
0:20 of 2nd period - Stopped by Nick Ellis with a rebound.
0:22 of 2nd period - Slapshot by Kurtis MacDermid.
0:22 of 2nd period - Deflect By Alex Grant.
0:22 of 2nd period - Stopped by Nick Ellis with a rebound.
0:24 of 2nd period - Wrist shot by Ondrej Kase.
0:24 of 2nd period - Stopped by Nick Ellis with a rebound.
0:26 of 2nd period - Slapshot by Kurtis MacDermid.
0:26 of 2nd period - Stopped by Nick Ellis with a rebound.
0:28 of 2nd period - Wrist shot by Hunter Shinkaruk.
0:28 of 2nd period - Stopped by Nick Ellis with a rebound.
0:30 of 2nd period - Slapshot by Victor Mete.
0:30 of 2nd period - Stopped by Nick Ellis without a rebound.
0:31 of 2nd period - Chase Balisy wins face-off versus Tye McGinn in Drummondville Voltigeurs zone.
0:35 of 2nd period - Minor Penalty to Kevin Connauton for Holding Stick.
0:36 of 2nd period - Nick Cousins wins face-off versus Curtis McKenzie in Drummondville Voltigeurs zone.
0:36 of 2nd period - Wrist shot by Ondrej Kase.
0:36 of 2nd period - Shot Misses the Net.
0:38 of 2nd period - Snap shot by Nick Cousins.
0:38 of 2nd period - Deflect By Hunter Shinkaruk.
0:38 of 2nd period - Goal by Hunter Shinkaruk - Drummondville Voltigeurs : 0 - Lake Erie Monsters : 3.
0:39 of 2nd period - Tye McGinn wins face-off versus Nick Cousins in neutral zone.
0:42 of 2nd period - Slapshot by Phillip Di Guiseppe.
0:42 of 2nd period - Shot Misses the Net.
0:54 of 2nd period - Wrist shot by Ondrej Kase.
0:54 of 2nd period - Goal by Ondrej Kase - Drummondville Voltigeurs : 0 - Lake Erie Monsters : 4.
0:55 of 2nd period - Nick Cousins wins face-off versus Tye McGinn in neutral zone.
1:20 of 2nd period - Chris Thorburn is hit by Matt Puempel and loses puck.
2:33 of 2nd period - Slapshot by Kevin Rooney.
2:33 of 2nd period - Shot Misses the Net.
2:47 of 2nd period - Snap shot by Kevin Rooney.
2:47 of 2nd period - Stopped by Jamie Phillips with a rebound.
3:03 of 2nd period - Snap shot by Derek Grant.
3:03 of 2nd period - Stopped by Jamie Phillips with a rebound.
3:46 of 2nd period - Backhand shot by Phillip Di Guiseppe.
3:46 of 2nd period - Deflect By Tye McGinn.
3:46 of 2nd period - Shot Blocked by Kurtis MacDermid.
3:46 of 2nd period - Puck is out of play.
3:47 of 2nd period - Tye McGinn wins face-off versus Ryan Olsen in Lake Erie Monsters zone.
3:50 of 2nd period - Slapshot by Phillip Di Guiseppe.
3:50 of 2nd period - Shot Misses the Net.
4:20 of 2nd period - Snap shot by Ryan Olsen.
4:20 of 2nd period - Shot Misses the Net.
4:22 of 2nd period - Snap shot by Matt MacKenzie.
4:22 of 2nd period - Deflect By Brandon Bollig.
4:22 of 2nd period - Shot Misses the Net.
4:22 of 2nd period - Puck is out of play.
4:23 of 2nd period - Nick Cousins wins face-off versus Jean-Sebastien Dea in Drummondville Voltigeurs zone.
5:01 of 2nd period - Wrist shot by Tye McGinn.
5:01 of 2nd period - Goal by Tye McGinn - Drummondville Voltigeurs : 1 - Lake Erie Monsters : 4.
5:02 of 2nd period - Nick Cousins wins face-off versus Tye McGinn in neutral zone.
5:36 of 2nd period - Slapshot by Matt Puempel.
5:36 of 2nd period - Stopped by Nick Ellis with a rebound.
5:38 of 2nd period - Wrist shot by Matt Puempel.
5:38 of 2nd period - Stopped by Nick Ellis without a rebound.
5:39 of 2nd period - Nick Cousins wins face-off versus Jean-Sebastien Dea in Drummondville Voltigeurs zone.
5:42 of 2nd period - Wrist shot by Hunter Shinkaruk.
5:42 of 2nd period - Shot Misses the Net.
5:52 of 2nd period - Wrist shot by Ondrej Kase.
5:52 of 2nd period - Stopped by Nick Ellis without a rebound.
5:53 of 2nd period - Chase Balisy wins face-off versus Tye McGinn in Drummondville Voltigeurs zone.
6:06 of 2nd period - Snap shot by Marko Dano.
6:06 of 2nd period - Deflect By Matt Puempel.
6:06 of 2nd period - Stopped by Nick Ellis with a rebound.
6:08 of 2nd period - Slapshot by Kurtis MacDermid.
6:08 of 2nd period - Stopped by Nick Ellis without a rebound.
6:09 of 2nd period - Derek Grant wins face-off versus Nick Cousins in Drummondville Voltigeurs zone.
6:47 of 2nd period - Maxim Lamarche is hit by Tye McGinn and loses puck.
7:04 of 2nd period - Slapshot by Julius Honka.
7:04 of 2nd period - Deflect By Nick Sorensen.
7:04 of 2nd period - Shot Hit the Post.
7:04 of 2nd period - Puck is out of play.
7:05 of 2nd period - Brendan Woods wins face-off versus Jean-Sebastien Dea in Lake Erie Monsters zone.
8:43 of 2nd period - Dysin Mayo is hit by Chris Thorburn and loses puck.
9:12 of 2nd period - Brandon Bollig is hit by Nick Sorensen and loses puck.
9:27 of 2nd period - Wrist shot by Ryan Olsen.
9:27 of 2nd period - Stopped by Nick Ellis with a rebound.
9:47 of 2nd period - Snap shot by Ryan Olsen.
9:47 of 2nd period - Stopped by Nick Ellis with a rebound.
9:49 of 2nd period - Slapshot by Ryan Olsen.
9:49 of 2nd period - Stopped by Nick Ellis with a rebound.
9:51 of 2nd period - Wrist shot by Ryan Olsen.
9:51 of 2nd period - Stopped by Nick Ellis with a rebound.
9:53 of 2nd period - Slapshot by Ryan Olsen.
9:53 of 2nd period - Stopped by Nick Ellis without a rebound.
9:54 of 2nd period - Tye McGinn wins face-off versus Nick Cousins in Drummondville Voltigeurs zone.
9:59 of 2nd period - Wrist shot by Kevin Connauton.
9:59 of 2nd period - Shot Blocked by Hunter Shinkaruk.
10:22 of 2nd period - Alex Grant beats up Kurtis MacDermid.
10:22 of 2nd period - Penalty to Kurtis MacDermid for Fighting.
10:22 of 2nd period - Penalty to Alex Grant for Fighting.
10:23 of 2nd period - Tye McGinn wins face-off versus Nick Cousins in Drummondville Voltigeurs zone.
11:19 of 2nd period - Wrist shot by Nick Sorensen.
11:19 of 2nd period - Shot Hit the Post.
11:21 of 2nd period - Snap shot by Kevin Rooney.
11:21 of 2nd period - Shot Misses the Net.
11:23 of 2nd period - Snap shot by Nick Sorensen.
11:23 of 2nd period - Stopped by Jamie Phillips with a rebound.
11:46 of 2nd period - Slapshot by Victor Mete.
11:46 of 2nd period - Stopped by Nick Ellis with a rebound.
12:27 of 2nd period - Chase Balisy is hit by Nick Sorensen and loses puck.
12:48 of 2nd period - Wrist shot by Maxim Lamarche.
12:48 of 2nd period - Deflect By Brandon Bollig.
12:48 of 2nd period - Shot Blocked by Kevin Tansey.
12:48 of 2nd period - Puck is out of play.
12:49 of 2nd period - Derek Grant wins face-off versus Nick Cousins in Drummondville Voltigeurs zone.
12:49 of 2nd period - Derek Grant is hit by Hunter Shinkaruk.
13:17 of 2nd period - Kevin Connauton is hit by Chase Balisy and loses puck.
13:42 of 2nd period - Slapshot by Tye McGinn.
13:42 of 2nd period - Stopped by Jamie Phillips with a rebound.
13:44 of 2nd period - Slapshot by Sergei Boikov.
13:44 of 2nd period - Stopped by Jamie Phillips without a rebound.
13:45 of 2nd period - Tye McGinn wins face-off versus Nick Cousins in Lake Erie Monsters zone.
13:46 of 2nd period - Snap shot by Phillip Di Guiseppe.
13:46 of 2nd period - Shot Blocked by Hunter Shinkaruk.
13:54 of 2nd period - Sergei Boikov is hit by Hunter Shinkaruk and loses puck.
14:13 of 2nd period - Chris Thorburn is hit by Matt MacKenzie.
14:20 of 2nd period - Minor Penalty to Chris Thorburn for Holding.
14:21 of 2nd period - Nick Cousins wins face-off versus Curtis McKenzie in Drummondville Voltigeurs zone.
14:29 of 2nd period - Minor Penalty to Kevin Connauton for Interference.
14:30 of 2nd period - Hunter Shinkaruk wins face-off versus Curtis McKenzie in Drummondville Voltigeurs zone.
14:34 of 2nd period - Snap shot by Hunter Shinkaruk.
14:34 of 2nd period - Shot Misses the Net.
14:36 of 2nd period - Slapshot by Victor Mete.
14:36 of 2nd period - Deflect By Curtis McKenzie.
14:36 of 2nd period - Stopped by Nick Ellis with a rebound.
14:56 of 2nd period - Mike Downing is hit by Matt Puempel and loses puck.
15:15 of 2nd period - Phillip Di Guiseppe is hit by Derek Hulak and loses puck.
15:22 of 2nd period - Penalty to Alex Grant is over, Alex Grant is back on ice.
15:30 of 2nd period - Kevin Rooney is hit by Hunter Shinkaruk and loses puck.
16:20 of 2nd period - Penalty to Chris Thorburn is over, Chris Thorburn is back on ice.
16:29 of 2nd period - Penalty to Kevin Connauton is over, Kevin Connauton is back on ice.
16:38 of 2nd period - Chris Thorburn is hit by Ondrej Kase and loses puck.
16:51 of 2nd period - Slapshot by Brandon Bollig.
16:51 of 2nd period - Deflect By Ryan Olsen.
16:51 of 2nd period - Shot Misses the Net.
16:51 of 2nd period - Puck is out of play.
16:52 of 2nd period - Ryan Olsen wins face-off versus Tye McGinn in Drummondville Voltigeurs zone.
17:05 of 2nd period - Dysin Mayo is hit by Tye McGinn and loses puck.
17:29 of 2nd period - JC Lipon is hit by Seth Helgeson and loses puck.
17:40 of 2nd period - Matt MacKenzie is hit by Sam Henley and loses puck.
17:59 of 2nd period - Turner Elson is hit by Kevin Connauton.
18:19 of 2nd period - Curtis McKenzie is hit by Maxim Lamarche and loses puck.
18:51 of 2nd period - Snap shot by Mark Olver.
18:51 of 2nd period - Stopped by Jamie Phillips with a rebound.
19:22 of 2nd period - Tye McGinn is hit by Nick Cousins.
19:50 of 2nd period - Seth Helgeson is hit by Marko Dano and loses puck.
Goals for this period are 1 for Drummondville Voltigeurs vs 3 for Lake Erie Monsters.
Shots for this period are 7 for Drummondville Voltigeurs vs 24 for Lake Erie Monsters.

3rd period


0:01 of 3rd period - Nick Cousins wins face-off versus Tye McGinn in neutral zone.
0:08 of 3rd period - Snap shot by Curtis McKenzie.
0:08 of 3rd period - Deflect By Joe Hicketts.
0:08 of 3rd period - Shot Misses the Net.
0:08 of 3rd period - Puck is out of play.
0:09 of 3rd period - Tye McGinn wins face-off versus Nick Cousins in Lake Erie Monsters zone.
0:42 of 3rd period - Wrist shot by Tye McGinn.
0:42 of 3rd period - Shot Misses the Net.
1:17 of 3rd period - Wrist shot by Phillip Di Guiseppe.
1:17 of 3rd period - Shot Misses the Net.
1:19 of 3rd period - Slapshot by Alex Grant.
1:19 of 3rd period - Deflect By Nick Cousins.
1:19 of 3rd period - Stopped by Jamie Phillips without a rebound.
1:20 of 3rd period - Chase Balisy wins face-off versus Derek Grant in Lake Erie Monsters zone.
1:33 of 3rd period - Slapshot by Victor Mete.
1:33 of 3rd period - Stopped by Nick Ellis with a rebound.
1:35 of 3rd period - Wrist shot by Matt Puempel.
1:35 of 3rd period - Stopped by Nick Ellis with a rebound.
1:45 of 3rd period - Brendan Woods is hit by Kevin Rooney.
1:55 of 3rd period - Wrist shot by Nick Sorensen.
1:55 of 3rd period - Deflect By Brendan Woods.
1:55 of 3rd period - Shot Blocked by Derek Hulak.
1:55 of 3rd period - Puck is out of play.
1:56 of 3rd period - Chase Balisy wins face-off versus Jean-Sebastien Dea in Lake Erie Monsters zone.
2:05 of 3rd period - Kevin Rooney is hit by Matt Puempel and loses puck.
2:07 of 3rd period - Sergei Boikov beats up Matt MacKenzie.
2:07 of 3rd period - Penalty to Matt MacKenzie for Fighting.
2:07 of 3rd period - Penalty to Sergei Boikov for Fighting.
2:08 of 3rd period - Nick Cousins wins face-off versus Tye McGinn in Drummondville Voltigeurs zone.
2:21 of 3rd period - Snap shot by Curtis McKenzie.
2:21 of 3rd period - Stopped by Jamie Phillips without a rebound.
2:22 of 3rd period - Derek Grant wins face-off versus Chase Balisy in Lake Erie Monsters zone.
2:33 of 3rd period - Slapshot by Tyler Pitlick.
2:33 of 3rd period - Shot Misses the Net.
2:49 of 3rd period - Nick Cousins is hit by Curtis McKenzie and loses puck.
2:56 of 3rd period - Snap shot by Phillip Di Guiseppe.
2:56 of 3rd period - Shot Misses the Net.
3:08 of 3rd period - Jean-Sebastien Dea is hit by Kurtis MacDermid and loses puck.
3:17 of 3rd period - JC Lipon is hit by Seth Helgeson and loses puck.
3:36 of 3rd period - Wrist shot by Brandon Bollig.
3:36 of 3rd period - Shot Misses the Net.
4:12 of 3rd period - Backhand shot by Nick Sorensen.
4:12 of 3rd period - Deflect By Jean-Sebastien Dea.
4:12 of 3rd period - Shot Hit the Post.
4:12 of 3rd period - Puck is out of play.
4:13 of 3rd period - Jean-Sebastien Dea wins face-off versus Nick Cousins in Lake Erie Monsters zone.
4:24 of 3rd period - Slapshot by Alex Grant.
4:24 of 3rd period - Shot Blocked by Hunter Shinkaruk.
4:38 of 3rd period - Snap shot by Nick Cousins.
4:38 of 3rd period - Stopped by Nick Ellis with a rebound.
5:16 of 3rd period - Julius Honka is hit by Derek Hulak and loses puck.
6:06 of 3rd period - Icing by Victor Mete.
6:07 of 3rd period - Chase Balisy wins face-off versus Jean-Sebastien Dea in Lake Erie Monsters zone.
6:07 of 3rd period - Chase Balisy is hit by Alex Grant.
6:37 of 3rd period - Chris Thorburn is hit by Dysin Mayo and loses puck.
6:56 of 3rd period - Derek Hulak is hit by Kevin Connauton.
7:02 of 3rd period - Phillip Di Guiseppe is hit by Brendan Woods and loses puck.
7:17 of 3rd period - Wrist shot by Alex Grant.
7:17 of 3rd period - Shot Blocked by Turner Elson.
7:19 of 3rd period - Slapshot by Kevin Connauton.
7:19 of 3rd period - Stopped by Jamie Phillips with a rebound.
7:21 of 3rd period - Snap shot by Nick Sorensen.
7:21 of 3rd period - Stopped by Jamie Phillips with a rebound.
7:37 of 3rd period - Snap shot by Curtis McKenzie.
7:37 of 3rd period - Stopped by Jamie Phillips without a rebound.
7:38 of 3rd period - Derek Grant wins face-off versus Nick Cousins in Lake Erie Monsters zone.
7:39 of 3rd period - Backhand shot by Julius Honka.
7:39 of 3rd period - Stopped by Jamie Phillips without a rebound.
7:40 of 3rd period - Derek Grant wins face-off versus Nick Cousins in Lake Erie Monsters zone.
8:07 of 3rd period - Snap shot by JC Lipon.
8:07 of 3rd period - Stopped by Nick Ellis with a rebound.
8:13 of 3rd period - Slapshot by Julius Honka.
8:13 of 3rd period - Stopped by Jamie Phillips with a rebound.
8:19 of 3rd period - Snap shot by Tyler Pitlick.
8:19 of 3rd period - Stopped by Jamie Phillips without a rebound.
8:20 of 3rd period - Nick Cousins wins face-off versus Tye McGinn in Lake Erie Monsters zone.
8:54 of 3rd period - Off-side.
8:55 of 3rd period - Chase Balisy wins face-off versus Tye McGinn in neutral zone.
9:41 of 3rd period - Slapshot by Julius Honka.
9:41 of 3rd period - Stopped by Jamie Phillips with a rebound.
9:43 of 3rd period - Slapshot by Seth Helgeson.
9:43 of 3rd period - Stopped by Jamie Phillips with a rebound.
9:45 of 3rd period - Wrist shot by Julius Honka.
9:45 of 3rd period - Stopped by Jamie Phillips without a rebound.
9:46 of 3rd period - Jean-Sebastien Dea wins face-off versus Hunter Shinkaruk in Lake Erie Monsters zone.
9:57 of 3rd period - Snap shot by Jean-Sebastien Dea.
9:57 of 3rd period - Shot Misses the Net.
9:59 of 3rd period - Wrist shot by Jean-Sebastien Dea.
9:59 of 3rd period - Shot Misses the Net.
10:01 of 3rd period - Slapshot by Alex Grant.
10:01 of 3rd period - Shot Blocked by Victor Mete.
10:13 of 3rd period - Alex Grant is hit by Kurtis MacDermid and loses puck.
11:12 of 3rd period - Backhand shot by Phillip Di Guiseppe.
11:12 of 3rd period - Stopped by Jamie Phillips with a rebound.
11:14 of 3rd period - Wrist shot by Curtis McKenzie.
11:14 of 3rd period - Shot Blocked by Ryan Olsen.
11:16 of 3rd period - Slapshot by Julius Honka.
11:16 of 3rd period - Stopped by Jamie Phillips without a rebound.
11:17 of 3rd period - Tye McGinn wins face-off versus Nick Cousins in Lake Erie Monsters zone.
11:24 of 3rd period - Snap shot by Phillip Di Guiseppe.
11:24 of 3rd period - Stopped by Jamie Phillips without a rebound.
11:25 of 3rd period - Nick Cousins wins face-off versus Tye McGinn in Lake Erie Monsters zone.
11:56 of 3rd period - Snap shot by Hunter Shinkaruk.
11:56 of 3rd period - Shot Blocked by Kevin Connauton.
11:58 of 3rd period - Slapshot by Victor Mete.
11:58 of 3rd period - Shot Blocked by Kevin Connauton.
12:00 of 3rd period - Snap shot by Ondrej Kase.
12:00 of 3rd period - Stopped by Nick Ellis without a rebound.
12:01 of 3rd period - Chase Balisy wins face-off versus Derek Grant in Drummondville Voltigeurs zone.
12:16 of 3rd period - Marko Dano is hit by Seth Helgeson and loses puck.
12:31 of 3rd period - Wrist shot by Nick Sorensen.
12:31 of 3rd period - Stopped by Jamie Phillips with a rebound.
12:33 of 3rd period - Snap shot by Sergei Boikov.
12:33 of 3rd period - Shot Blocked by Dysin Mayo.
12:35 of 3rd period - Wrist shot by Kevin Rooney.
12:35 of 3rd period - Stopped by Jamie Phillips with a rebound.
12:37 of 3rd period - Snap shot by Nick Sorensen.
12:37 of 3rd period - Shot Misses the Net.
12:39 of 3rd period - Slapshot by Sergei Boikov.
12:39 of 3rd period - Stopped by Jamie Phillips with a rebound.
14:02 of 3rd period - Tye McGinn is hit by Brendan Woods and loses puck.
14:11 of 3rd period - Snap shot by Brendan Woods.
14:11 of 3rd period - Shot Misses the Net.
14:13 of 3rd period - Slapshot by Matt MacKenzie.
14:13 of 3rd period - Shot Misses the Net.
14:27 of 3rd period - Alex Grant is hit by Ondrej Kase and loses puck.
14:34 of 3rd period - Snap shot by Nick Cousins.
14:34 of 3rd period - Goal by Nick Cousins - Drummondville Voltigeurs : 1 - Lake Erie Monsters : 5.
14:35 of 3rd period - Derek Grant wins face-off versus Nick Cousins in neutral zone.
14:39 of 3rd period - Snap shot by Chris Thorburn.
14:39 of 3rd period - Shot Misses the Net.
14:41 of 3rd period - Slapshot by Seth Helgeson.
14:41 of 3rd period - Shot Misses the Net.
14:43 of 3rd period - Slapshot by Julius Honka.
14:43 of 3rd period - Shot Blocked by Kurtis MacDermid.
15:16 of 3rd period - Victor Mete is hit by Alex Grant and loses puck.
15:50 of 3rd period - Sergei Boikov is hit by Maxim Lamarche and loses puck.
16:24 of 3rd period - Tye McGinn is hit by Matt MacKenzie and loses puck.
16:53 of 3rd period - Wrist shot by Brandon Bollig.
16:53 of 3rd period - Shot Blocked by Julius Honka.
16:55 of 3rd period - Snap shot by Joe Hicketts.
16:55 of 3rd period - Stopped by Nick Ellis without a rebound.
16:56 of 3rd period - Jean-Sebastien Dea wins face-off versus Ryan Olsen in Drummondville Voltigeurs zone.
17:12 of 3rd period - Nick Sorensen beats up Turner Elson.
17:12 of 3rd period - Penalty to Turner Elson for Fighting.
17:12 of 3rd period - Penalty to Nick Sorensen for Fighting.
17:13 of 3rd period - Nick Cousins wins face-off versus Tye McGinn in Lake Erie Monsters zone.
17:55 of 3rd period - Victor Mete is hit by Jean-Sebastien Dea and loses puck.
18:28 of 3rd period - Snap shot by Nick Cousins.
18:28 of 3rd period - Stopped by Nick Ellis with a rebound.
19:26 of 3rd period - Joe Hicketts is hit by Kevin Tansey and loses puck.
19:53 of 3rd period - Kevin Rooney is hit by Dysin Mayo.
Goals for this period are 0 for Drummondville Voltigeurs vs 1 for Lake Erie Monsters.
Shots for this period are 17 for Drummondville Voltigeurs vs 8 for Lake Erie Monsters.